 Dungeon Crawl Stone Soup version 0.25.1-2-g60ff931df9 (webtiles) character file.

Game seed: 8626858864516227937

127153 DildoBatman the Peltast (level 17, -9/128 HPs)
             Began as a Formicid Wizard on Aug 11, 2020.
             Was an Initiate of Gozag.
             Mangled by a harpy (16 damage)
             ... summoned by Kirke
             ... on level 15 of the Dungeon.
             The game lasted 02:13:19 (32510 turns).

DildoBatman the Peltast (Formicid Wizard)          Turns: 32510, Time: 02:13:19

Health: -9/128     AC:  0    Str: 11    XL:     17   Next: 55%
Magic:  30/36      EV: 18    Int: 26    God:    Gozag
Gold:   3864       SH:  0    Dex:  9    Spells: 17/46 levels left

rFire    . . .     SeeInvis .   (weapon currently unavailable)
rCold    + . .     Gourm    .   (shield currently unavailable)
rNeg     . . .     Faith    .   (armour currently unavailable)
rPois    +         Spirit   .   (helmet unavailable)
rElec    .         Reflect  .   (cloak currently unavailable)
rCorr    .         Harm     .   (gloves currently unavailable)
MR       ++...                  (boots currently unavailable)
Stlth    +++.......             r - amulet of Uxzuicra {rPois rC+ MR+ Regen+}
HPRegen  0.71/turn              (ring currently unavailable)
MPRegen  0.25/turn              (ring currently unavailable)

@: pig-form, very quick
A: small, permanent stasis, dig shafts and tunnels, four strong arms
a: Potion Petition, Call Merchant, Bribe Branch, Renounce Religion


You were on level 15 of the Dungeon.
You worshipped Gozag.
Gozag was most pleased with you.
You were full.
You were a filthy swine.
You visited 4 branches of the dungeon, and saw 24 of its levels.
You also visited: Bailey, Gauntlet and Ice Cave.

You collected 7848 gold pieces.
You spent 3280 gold pieces at shops.
You paid 704 gold pieces to Gozag.

Inventory:

Hand Weapons
 a - the +8 arc blade (melded) {discharge, rElec}
   (You found it in an ice cave)

   It insulates you from electricity.
 c - the +10 hand crossbow of Javyah {elec, rF- MP-9 Str+4 Dex+6}
   (You found it on level 14 of the Dungeon)

   It charges the ammunition it shoots with electricity; occasionally upon a
   hit, such missiles may discharge and cause terrible harm.
   It affects your strength (+4).
   It affects your dexterity (+6).
   It makes you vulnerable to fire.
   It affects your magic capacity (-9).
 e - the +6 spear of Moderation {vorpal, MR+ Str+3}
   (You took it off an orc on level 5 of the Dungeon)

   It inflicts extra damage upon your enemies.
   It affects your strength (+3).
   It affects your resistance to hostile enchantments.
Missiles
 d - 902 arrows
 j - 157 sling bullets
 n - 245 bolts
 Q - 6 silver javelins
 T - 5 throwing nets (quivered)
Armour
 h - a +0 pair of boots (melded)
 o - a +1 troll leather armour (melded)
 p - a +0 pair of gloves (melded)
 A - the +10 tower shield of Ignorance (melded) {rN+ Int-4}
   (You found it on level 12 of the Dungeon)

   It affects your intelligence (-4).
   It protects you from negative energy.
 K - a +1 cloak of stealth (melded)
Magical Staves
 b - an uncursed staff of energy
Jewellery
 m - the ring of Vidoseips (melded) {rN+ Int+6 Dex+4}
   (You bought it in a shop on level 2 of the Orcish Mines)

   [ring of positive energy]

   It affects your intelligence (+6).
   It affects your dexterity (+4).
   It protects you from negative energy.
 r - the amulet of Uxzuicra (around neck) {rPois rC+ MR+ Regen+}
   (You bought it in a shop on level 14 of the Dungeon)

   [amulet of regeneration]

   It protects you from cold.
   It protects you from poison.
   It affects your resistance to hostile enchantments.
   It increases your rate of regeneration.
 U - a +4 ring of protection (melded)
Wands
 G - a wand of acid (17)
 N - a wand of iceblast (7)
 R - a wand of clouds (2)
 Z - a wand of disintegration (20)
Scrolls
 g - 3 scrolls of holy word
 k - 3 scrolls of brand weapon
 l - 9 scrolls of fear
 q - a scroll of amnesia
 s - 2 scrolls of acquirement
 x - 11 scrolls of remove curse
 z - a scroll of identify
 C - 2 scrolls of magic mapping
 L - a scroll of summoning
 O - 5 scrolls of fog
 X - 4 scrolls of immolation
Potions
 f - 5 potions of brilliance
 i - 2 potions of invisibility
 t - 3 potions of cancellation
 w - 5 potions of mutation
 B - 15 potions of curing
 D - 4 potions of might
 E - 2 potions of resistance {unknown}
 H - 4 potions of magic
 J - 3 potions of heal wounds
 S - a potion of ambrosia {unknown}
 V - 3 potions of flight {unknown}
Miscellaneous
 u - a phial of floods
Comestibles
 v - 9 rations


   Skills:
 - Level 10.0 Fighting
 - Level 14.1 Armour
 - Level 8.0 Dodging
 - Level 6.0 Stealth
 - Level 15.4 Shields
 - Level 15.0 Spellcasting
 - Level 6.0 Conjurations
   Level 1.0 Summonings
 * Level 10.3 Necromancy
   Level 0.8 Translocations
 - Level 5.0 Fire Magic
 - Level 5.0 Air Magic
 - Level 13.1 Earth Magic


You had 17 spell levels left.
You knew the following spells:

 Your Spells              Type           Power        Failure   Level  Hunger
a - Conjure Flame         Conj/Fire      #####...     1%          3    None
b - Borgnjor's Vile Clut  Necr/Erth      ######....   1%          5    #......
d - Vampiric Draining     Necr           ######....   1%          3    None
e - Mephitic Cloud        Conj/Pois/Air  #####...     1%          3    None
f - Shatter               Erth           ######....   100%        9    #######
h - Dispel Undead         Necr           ######..     1%          4    None
z - Sublimation of Blood  Necr           ######....   1%          2    None

Your spell library contained the following spells:

 Spells                   Type           Power        Failure   Level  Hunger
 Animate Skeleton         Necr           N/A          1%          1    None
 Foxfire                  Conj/Fire      ####         1%          1    None
 Magic Dart               Conj           ####         1%          1    None
 Pain                     Necr           ####         1%          1    None
 Summon Butterflies       Summ           ###.....     1%          1    None
 Static Discharge         Conj/Air       #####...     1%          3    None
 Animate Dead             Necr           N/A          1%          4    None
 Leda's Liquefaction      Hex/Erth       ######....   1%          4    None
 Petrify                  Tmut/Erth      ######..     1%          4    None
 Agony                    Necr           ######..     1%          5    #......
 Beastly Appendage        Tmut           ###...       2%          1    None
 Sting                    Tmut/Pois      ###.         2%          1    None
 Call Imp                 Summ           ###.....     2%          2    None
 Sticky Flame             Conj/Fire      #####...     2%          4    None
 Bolt of Magma            Conj/Fire/Erth ######....   2%          5    #......
 Inner Flame              Hex/Fire       ####....     3%          3    None
 Slow                     Hex            ###.....     4%          2    None
 Sticks to Snakes         Tmut           ###.....     4%          2    None
 Ignite Poison            Fire/Tmut/Pois ####....     4%          3    None
 Call Canine Familiar     Summ           ###.....     5%          3    None
 Gell's Gravitas          Tloc           ###.......   6%          3    None
 Summon Guardian Golem    Hex/Summ       ###.....     7%          3    None
 Fireball                 Conj/Fire      #####.....   8%          5    #......
 Lightning Bolt           Conj/Air       #####.....   8%          5    #......
 Confusing Touch          Hex            ###.....     9%          3    None
 Spider Form              Tmut/Pois      ###.......   9%          3    None
 Iron Shot                Conj/Erth      ######....   9%          6    ####...
 Summon Ice Beast         Ice/Summ       ###.....     22%         4    None
 Irradiate                Conj/Tmut      #####.....   22%         5    #......
 Ice Form                 Ice/Tmut       ###.....     26%         4    None
 Olgreb's Toxic Radiance  Pois           ###.....     26%         4    None
 Statue Form              Tmut/Erth      ######...    28%         6    ####...
 Simulacrum               Ice/Necr       #####.....   45%         6    ####...
 Summon Mana Viper        Hex/Summ       ###.....     52%         5    #......
 Alistair's Intoxication  Tmut/Pois      ###.....     58%         5    #......
 Blade Hands              Tmut           ###.......   58%         5    #......
 Metabolic Englaciation   Hex/Ice        ###.......   58%         5    #......
 Yara's Violent Unravell  Hex/Tmut       ###.......   58%         5    #......
 Haunt                    Necr/Summ      #####.....   92%         7    ######.
 Shadow Creatures         Summ           N/A          95%         6    ####...
 Borgnjor's Revivificati  Necr           ######....   95%         8    #######
 Infestation              Necr           ######....   95%         8    #######
 Eringya's Noxious Bog    Tmut/Pois      ###.......   99%         6    ####...
 Summon Hydra             Summ           ###.......   100%        7    ######.
 Death's Door             Chrm/Necr      #####.....   100%        8    #######
 Ignition                 Fire           #####.....   100%        8    #######
 Necromutation            Tmut/Necr      #####.....   100%        8    #######
 Tornado                  Air            #####.....   100%        9    #######
 Blink                    Tloc           Unusable     N/A         2    N/A

Dungeon Overview and Level Annotations

Branches:
Dungeon (15/15)            Temple (1/1) D:6            Lair (6/6) D:8
  Swamp (0/4) Lair:4        Snake (0/4) Lair:3        Slime (0/5) Lair:6
    Orc (2/2) D:12            Elf (0/3) Orc:2        Vaults (0/5) D:13
 Bailey (visited)           IceCv (visited)         Gauntlet (visited)
 Depths: D:15

Altars:
Ashenzari
Cheibriados
Dithmenos
Elyvilon
Fedhas
Gozag
Hepliaklqana
Kikubaaqudgha
Makhleb
Nemelex Xobeh
Okawaru
Qazlal
Ru
Sif Muna
Trog
Uskayaw
Vehumet
Wu Jian
Xom
Yredelemnul
Zin
The Shining One
Beogh

Shops:
D:4 *   D:11 :   D:12 [   D:14 =   Orc:2 ??=}

Annotations:
D:15 Kirke


Innate Abilities, Weirdness & Mutations

You cannot be hasted, slowed, berserked, paralysed or teleported.
You can dig through walls and to a lower floor.
Your four strong arms can wield two-handed weapons with a shield.
((You have a pair of large antennae on your head. (SInv)))


Message History

The harpy barely misses you. The harpy closely misses you.
The harpy barely misses you.
The harpy screeches!
The harpy claws you! The harpy claws you.
The harpy screeches!
The harpy barely misses you. The harpy misses you. The harpy barely misses you.
The harpy claws you! The harpy claws you!! The harpy claws you!
The harpy closely misses you. The harpy claws you. The harpy barely misses you.
The harpy misses you. The harpy claws you!
You die...
Your body crumbles into a pile of gold.

##......##..## #.# ##.## ###.
.......####..# ##.# #..###...
......## ##.####..## ##.....##
......# ##...##..#.## ##....###
.....## ##.......###.###.....#
......###...##...# #.....###.####
...#......<####..###....###......
#...#.....## ##...##....###.....#
....##....####..hH#.....##..#..##
..#.)............H.....)#..##.##
..#).......###..#.........###.#
.#)..####..# ##....##....## #.###
.....#{ #### ##.######.#####..##
....## ##.# #.......... ....# {
#.## ##.....#### ##..# #..#
##.##..# # ###.# #..### #..##..#
##


You could see 2 harpies.

Vanquished Creatures
  Nessos (Orc:2)
  A minotaur (Gauntlet)
  7 dire elephants
  Josephine (D:11)
  An ettin (Orc:2)
  Fannar (D:11)
  Harold (Lair:2)
  A rakshasa (D:15)
  9 hydras
  A ghost crab (Gauntlet)
  2 vault guards (D:13)
  6 centaur warriors
  An anaconda (Lair:6)
  A death knight (D:13)
  23 two-headed ogres
  5 ogre magi
  2 tengu warriors (D:13)
  4 death yaks
  Urug (D:11)
  The ghost of Ebobla the Carver, a novice DsBe of Trog (D:8)
  3 skeletal warriors (D:13)
  The ghost of Veteran the Skirmisher, a novice OgMo (D:5)
  A swamp dragon (Lair:4)
  3 wizards (D:13)
  4 orange crystal statues (D:12)
  A lindwurm (Lair:4)
  A phantasmal warrior (D:13)
  7 oklob plants
  A necromancer (IceCv)
  3 orc knights
  An orc sorcerer (Orc:2)
  3 deep elf magi
  3 cyclopes
  A moth of wrath (Gauntlet)
  5 ice statues
  3 black mambas
  19 elephants
  A smoke demon (D:13)
  2 gargoyles
  9 spiny frogs
  A kobold demonologist (D:14)
  Maggie (D:6)
  A yaktaur (D:13)
  An efreet (D:15)
  5 rime drakes
  2 catoblepas skeletons (Lair:3)
  11 ice devils
  2 death yak skeletons (Lair:2)
  11 komodo dragons
  2 tengu conjurers
  5 trolls
  2 hydra zombies (Lair:2)
  A polar bear (Lair:6)
  3 hydra skeletons
  A wind drake (shapeshifter) (D:15)
  10 dream sheep
  22 blink frogs
  15 hippogriffs
  6 slime creatures
  Sigmund (D:2)
  4 redbacks (Gauntlet)
  A spriggan (shapeshifter) (D:15)
  A vampire (D:15)
  A spriggan (Lair:2)
  5 basilisks
  3 wraiths (D:11)
  37 yaks
  3 wyverns
  4 hogs (D:15)
  A black mamba skeleton (Lair:2)
  2 hungry ghosts
  A steam dragon (Lair:3)
  19 humans
  2 wargs (Orc:2)
  2 vampire mosquitoes (D:14)
  18 water moccasins
  2 spiny frog zombies
  8 porcupines
  26 orc warriors
  Duvessa (D:4)
  A tengu skeleton (D:12)
  3 spiny frog skeletons (Lair:3)
  7 sky beasts
  3 black bears
  4 ice beasts
  A manticore zombie (D:12)
  An elephant zombie (Lair:2)
  An elf zombie (D:11)
  2 phantoms
  2 orc zombies
  An eye of draining (D:13)
  31 centaurs
  A blink frog skeleton (Lair:1)
  29 ogres
  31 wolves
  12 crocodiles
  2 dream sheep skeletons (Lair:3)
  10 big kobolds (D:8)
  13 bullfrogs
  A water moccasin zombie (Lair:3)
  A wyvern zombie (D:14)
  Dowan (D:4)
  A komodo dragon skeleton (Lair:3)
  5 scorpions
  15 killer bees
  4 water moccasin skeletons
  3 yak skeletons (Lair:3)
  9 wights
  A howler monkey (D:5)
  14 crimson imps
  2 bullfrog zombies
  A quasit (D:8)
  3 centaur zombies
  7 hounds
  5 centaur skeletons
  A jelly (D:5)
  Crazy Yiuf (D:3)
  15 orc priests
  3 bullfrog skeletons
  A basilisk skeleton (Lair:3)
  9 worker ants
  4 iguanas
  30 orc wizards
  2 porcupine zombies
  2 spriggan simulacra (IceCv)
  2 troll simulacra (IceCv)
  A crocodile zombie (Lair:2)
  2 centaur simulacra (IceCv)
  A crocodile skeleton (Lair:3)
  2 hound skeletons
  A howler monkey zombie (D:7)
  A worker ant zombie (D:7)
  2 naga simulacra (IceCv)
  2 ogre simulacra (IceCv)
  26 adders
  An orc skeleton (D:12)
  2 shadow imps
  4 white imps (D:13)
  An ooze (D:2)
  An adder zombie (D:6)
  5 worms
  2 dart slugs
  11 leopard geckos
  105 orcs
  8 giant cockroaches
  8 goblins
  9 hobgoblins
  12 jackals
  21 kobolds
  6 quokkas
  2 ball pythons (D:6)
  A ball python zombie (D:11)
  6 bats
  7 frilled lizards
  9 rats
  A butterfly (Lair:4)
  8 fungi
  5 plants
957 creatures vanquished.

Vanquished Creatures (collateral kills)
  A killer bee (D:9)
1 creature vanquished.

Vanquished Creatures (others)
  A centaur (D:13)
  61 fungi
  19 plants
81 creatures vanquished.

Grand Total: 1039 creatures vanquished

Notes
Turn   | Place    | Note
-------+----------+-------------------------------------------
     0 | D:1      | DildoBatman the Formicid Wizard began the quest for the
                  | Orb.
     0 | D:1      | Reached XP level 1. HP: 13/13 MP: 4/4
    65 | D:1      | Reached skill level 1 in Conjurations
   330 | D:1      | Reached XP level 2. HP: 19/19 MP: 0/6
   630 | D:1      | Reached XP level 3. HP: 24/24 MP: 3/7
   635 | D:1      | Learned a level 3 spell: Conjure Flame
   639 | D:1      | Learned a level 3 spell: Mephitic Cloud
  1386 | D:2      | Noticed Sigmund
  1412 | D:2      | Reached XP level 4. HP: 28/30 MP: 5/8
  2329 | D:3      | Reached XP level 5. HP: 35/35 MP: 7/9
  2576 | D:3      | Found an ornate altar of the Wu Jian Council.
  2836 | D:3      | Reached skill level 1 in Fire Magic
  2836 | D:3      | Reached XP level 6. HP: 26/41 MP: 4/10
  2885 | D:3      | Reached skill level 1 in Air Magic
  3328 | D:3      | Found a runed translucent door.
  3329 | D:3      | Noticed Crazy Yiuf
  3572 | D:4      | Found Zin's Purification Station.
  3576 | D:4      | Found a glowing silver altar of Zin.
  3684 | D:4      | Reached skill level 5 in Conjurations
  3684 | D:4      | Reached XP level 7. HP: 32/46 MP: 11/11
  4013 | D:4      | Found a basalt altar of Yredelemnul.
  4025 | D:4      | Found a white marble altar of Elyvilon.
  4025 | D:4      | Found a hide-covered altar of Uskayaw.
  4026 | D:4      | Found a sparkling altar of Nemelex Xobeh.
  4237 | D:5      | Entered Level 5 of the Dungeon
  4719 | D:5      | Reached XP level 8. HP: 42/52 MP: 10/12
  4915 | D:5      | Found a runed translucent gate.
  4915 | D:5      | Noticed Veteran's ghost (novice OgMo)
  4916 | D:5      | Found a runed translucent gate.
  4917 | D:5      | Found a roughly hewn altar of Beogh.
  4917 | D:5      | Found a runed translucent gate.
  4917 | D:5      | Identified the +6 spear of Moderation {vorpal, MR+ Str+3}
  4917 | D:5      | Identified the +4 ring mail of the Jackalope {+Blink MR++
                  | Str-2 SInv}
  5386 | D:6      | Found a sacrificial altar of Ru.
  5631 | D:6      | Reached skill level 5 in Fire Magic
  5728 | D:6      | Found a staircase to the Ecumenical Temple.
  5737 | Temple   | Entered the Ecumenical Temple
  5821 | Temple   | Became a worshipper of Kikubaaqudgha
  5859 | D:6      | Found a burning altar of Makhleb.
  5915 | D:6      | Noticed Maggie
  5932 | D:6      | Killed Maggie
  5932 | D:6      | Reached skill level 5 in Air Magic
  5932 | D:6      | Reached skill level 1 in Fighting
  5932 | D:6      | Reached skill level 1 in Armour
  5932 | D:6      | Reached XP level 9. HP: 50/59 MP: 13/13
  7444 | D:4      | Noticed Duvessa
  7460 | D:4      | Killed Duvessa
  7472 | D:4      | Noticed Dowan
  7489 | D:4      | Killed Dowan
  7984 | D:3      | Killed Crazy Yiuf
  8081 | D:2      | Killed Sigmund
  8199 | D:7      | Found a shadowy altar of Dithmenos.
  8411 | D:7      | Reached * piety under Kikubaaqudgha
  8411 | D:7      | Identified Kikubaaqudgha's Catalogue of Dark Magic
                  | (Kikubaaqudgha gifted it to you on level 7 of the Dungeon)
  8411 | D:7      | Received a gift from Kikubaaqudgha
  8411 | D:7      | Reached XP level 10. HP: 51/73 MP: 4/14
  8428 | D:7      | Found a flagged portal.
  8511 | D:7      | Got a faintly glowing spear
  8557 | D:7      | Reached skill level 5 in Fighting
  8562 | D:7      | Reached skill level 5 in Armour
  8570 | D:7      | Identified the +4 spear of Income {protect, +Blink Str+5}
                  | (You found it on level 7 of the Dungeon)
  8678 | Bailey   | Entered a bailey
  8790 | Bailey   | Reached skill level 5 in Dodging
  9259 | Bailey   | Reached ** piety under Kikubaaqudgha
 10150 | D:8      | Found a runed translucent gate.
 10150 | D:8      | Found a runed translucent gate.
 10150 | D:8      | Found a runed translucent gate.
 10152 | D:8      | Identified the +2 short sword of Hard Scrabble {elec, rN+
                  | Int+2 Dex-2}
 10155 | D:8      | Noticed Ebobla's ghost (novice DsBe)
 10210 | D:8      | Identified the Guide on Creative Envenoming
 10335 | D:8      | Reached XP level 11. HP: 67/83 MP: 15/15
 10394 | D:8      | Reached skill level 10 in Armour
 10472 | D:8      | Found a staircase to the Lair.
 11163 | D:9      | Reached *** piety under Kikubaaqudgha
 11163 | D:9      | Identified Kikubaaqudgha's Incunabulum of Stolen Souls
                  | (Kikubaaqudgha gifted it to you on level 9 of the Dungeon)
 11163 | D:9      | Received a gift from Kikubaaqudgha
 11176 | D:9      | Learned a level 5 spell: Borgnjor's Vile Clutch
 11181 | D:9      | Learned a level 4 spell: Dispel Undead
 11231 | D:9      | Reached skill level 1 in Earth Magic
 11235 | D:9      | Reached skill level 1 in Necromancy
 11361 | D:9      | Noticed a two-headed ogre
 11406 | D:9      | Killed a two-headed ogre
 11420 | D:9      | Found a glowing golden altar of the Shining One.
 11736 | D:9      | You fall into a shaft and drop 1 floor!
 11736 | D:10     | Entered Level 10 of the Dungeon
 11819 | D:9      | Reached **** piety under Kikubaaqudgha
 12044 | D:10     | Reached skill level 5 in Earth Magic
 12404 | D:10     | Reached skill level 5 in Necromancy
 12801 | D:10     | Noticed a two-headed ogre
 12809 | D:10     | Killed a two-headed ogre
 13200 | D:11     | Noticed Urug
 13216 | D:11     | Reached ***** piety under Kikubaaqudgha
 13286 | D:11     | Killed Urug
 13286 | D:11     | Reached XP level 12. HP: 48/89 MP: 0/16
 13424 | D:11     | Noticed a two-headed ogre
 13432 | D:11     | Killed a two-headed ogre
 13463 | D:11     | Noticed Fannar
 13553 | D:11     | Killed Fannar
 13742 | D:11     | You fall into a shaft and drop 3 floors!
 14333 | D:14     | Got a shimmering hand crossbow
 14337 | D:14     | Identified the +10 hand crossbow of Javyah {elec, rF- MP-9
                  | Str+4 Dex+6} (You found it on level 14 of the Dungeon)
 14355 | D:14     | Got an ebony scythe
 14356 | D:14     | Identified the +7 scythe "Cuoxzorr" {venom, SInv} (You
                  | found it on level 14 of the Dungeon)
 14379 | D:14     | Noticed a centaur warrior
 14387 | D:14     | Killed a centaur warrior
 14392 | D:14     | Found Rutaf's Jewellery Shop.
 14424 | D:13     | Noticed a centaur warrior
 14442 | D:13     | Killed a centaur warrior
 14535 | D:13     | Noticed a vault guard
 14569 | D:13     | Killed a vault guard
 15090 | D:13     | Noticed a vault guard
 15111 | D:13     | Killed a vault guard
 15111 | D:13     | Reached XP level 13. HP: 89/96 MP: 19/19
 15208 | D:11     | Found Suaharomn's Book Emporium.
 15215 | D:11     | Noticed Josephine
 15224 | D:11     | Killed Josephine
 15457 | D:12     | Reached skill level 5 in Stealth
 15482 | D:12     | Learned a level 3 spell: Vampiric Draining
 15485 | D:12     | Learned a level 2 spell: Sublimation of Blood
 15574 | D:12     | Got a smoking quarterstaff
 15658 | D:12     | Found Cheibriados's Comfort Zone.
 15659 | D:12     | Found a snail-covered altar of Cheibriados.
 15688 | D:12     | Found a staircase to the Orcish Mines.
 15693 | D:12     | Found a runed translucent door.
 15702 | D:12     | Found the +10 tower shield of Ignorance {rN+ Int-4}
 15709 | D:12     | Identified the +6 quarterstaff "Ciafaug" {vorpal, rF- MR+
                  | Str+7} (You found it on level 12 of the Dungeon)
 16096 | Orc:1    | Entered Level 1 of the Orcish Mines
 16190 | Orc:1    | Reached skill level 1 in Shields
 16213 | Orc:1    | Reached skill level 5 in Spellcasting
 16659 | Orc:2    | Entered Level 2 of the Orcish Mines
 16843 | Orc:2    | Found a staircase to the Elven Halls.
 16879 | Orc:2    | Found a radiant altar of Vehumet.
 16909 | Orc:2    | Reached ****** piety under Kikubaaqudgha
 16921 | Orc:1    | Received a gift from Kikubaaqudgha
 16923 | Orc:1    | Fell from the grace of Kikubaaqudgha
 17095 | Temple   | Became a worshipper of Gozag Ym Sagoz the Greedy
 17177 | D:5      | Killed Veteran's ghost
 17319 | D:8      | Killed Ebobla's ghost
 17532 | D:12     | Found a runed translucent door.
 17559 | D:12     | Found a bloodstained altar of Trog.
 18202 | D:12     | Reached skill level 5 in Shields
 18625 | Orc:2    | Noticed Nessos
 18674 | Orc:2    | Killed Nessos
 18891 | Lair:1   | Entered Level 1 of the Lair of Beasts
 18952 | Lair:1   | Noticed a six-headed hydra
 18967 | Lair:1   | Killed a six-headed hydra
 18967 | Lair:1   | Reached XP level 14. HP: 108/108 MP: 15/23
 19337 | Lair:1   | Got a scorched morningstar
 20150 | Lair:2   | Noticed Harold
 20181 | Lair:2   | Killed Harold
 20185 | Lair:2   | Identified the +11 morningstar of Eternal Harmony {speed,
                  | rC+ MR+ Int-3 SInv} (You found it on level 1 of the Lair of
                  | Beasts)
 20491 | Lair:2   | Noticed a dire elephant
 20534 | Lair:2   | Killed a dire elephant
 21051 | Lair:2   | Reached skill level 10 in Fighting
 21056 | Lair:2   | Reached skill level 10 in Shields
 22082 | Lair:3   | Found a staircase to the Snake Pit.
 22392 | Lair:3   | Reached XP level 15. HP: 33/115 MP: 19/25
 22768 | Lair:3   | Was forgiven by Kikubaaqudgha
 22898 | Lair:4   | Found a shimmering altar of Xom.
 22925 | Lair:4   | Reached skill level 15 in Shields
 23072 | Lair:4   | Found a staircase to the Swamp.
 23157 | Lair:4   | Found a frozen archway.
 23218 | IceCv    | Entered an ice cave
 23701 | IceCv    | Found the +8 arc blade {discharge, rElec}
 24352 | Lair:4   | Reached skill level 10 in Spellcasting
 26182 | Lair:6   | Entered Level 6 of the Lair of Beasts
 26263 | Lair:6   | Found a staircase to the Slime Pits.
 26338 | Lair:6   | Reached skill level 10 in Earth Magic
 26419 | Lair:6   | Reached XP level 16. HP: 93/122 MP: 23/31
 26451 | Lair:6   | Found a gate leading to a gauntlet.
 26514 | Gauntlet | Entered a Gauntlet
 26514 | Gauntlet | Found a transporter.
 26514 | Gauntlet | Found a transporter.
 26514 | Gauntlet | Found a runed translucent door.
 26514 | Gauntlet | Found a runed translucent door.
 26530 | Gauntlet | Found a transporter.
 26535 | Gauntlet | Found a runed translucent door.
 26544 | Gauntlet | Found a transporter.
 26544 | Gauntlet | Found a transporter.
 26546 | Gauntlet | Found a transporter.
 26546 | Gauntlet | Found a transporter.
 26548 | Gauntlet | Found a transporter.
 26557 | Gauntlet | Found a transporter.
 26573 | Gauntlet | Found a transporter.
 26583 | Gauntlet | Found a transporter.
 26588 | Gauntlet | Found a transporter.
 26622 | Gauntlet | Found a transporter.
 26633 | Gauntlet | Found a transporter.
 26913 | Gauntlet | Got a brightly glowing glass ring
 27036 | Gauntlet | Identified the ring of Fragile Peace {Fire rPois Str+3}
                  | (You found it in a Gauntlet)
 27171 | Gauntlet | Learned a level 9 spell: Shatter
 29197 | Orc:2    | Found Gaf Eveotsu's Magic Scroll Shoppe.
 29197 | Orc:2    | Found Jyut's Gadget Boutique.
 29198 | Orc:2    | Found Hotoy's Magic Scroll Shop.
 29198 | Orc:2    | Found Laiqep's Jewellery Shoppe.
 29205 | Orc:2    | Bought a scroll of magic mapping for 52 gold pieces
 29205 | Orc:2    | Bought a scroll of identify for 30 gold pieces
 29205 | Orc:2    | Bought a scroll of amnesia for 52 gold pieces
 29205 | Orc:2    | Bought a scroll of identify for 30 gold pieces
 29205 | Orc:2    | Bought a scroll of identify for 30 gold pieces
 29206 | Orc:2    | Bought a scroll of identify for 28 gold pieces
 29206 | Orc:2    | Bought a scroll of immolation for 49 gold pieces
 29206 | Orc:2    | Bought a scroll of identify for 28 gold pieces
 29206 | Orc:2    | Bought a scroll of identify for 28 gold pieces
 29206 | Orc:2    | Bought a scroll of acquirement for 728 gold pieces
 29206 | Orc:2    | Bought a scroll of enchant armour for 105 gold pieces
 29766 | D:13     | Found a roughly hewn altar of Beogh.
 29863 | D:13     | Reached XP level 17. HP: 114/128 MP: 34/34
 29973 | D:13     | Identified the +6 chain mail of Objectivity {rElec rPois
                  | rC++ Str-3}
 30274 | D:13     | Found a gate to the Vaults.
 31473 | D:14     | Bought the amulet of Uxzuicra {rPois rC+ MR+ Regen+} for
                  | 860 gold pieces
 31572 | Orc:2    | Bought the ring of Vidoseips {rN+ Int+6 Dex+4} for 720 gold
                  | pieces
 31572 | Orc:2    | Bought a +4 ring of protection for 540 gold pieces
 31667 | D:15     | Entered Level 15 of the Dungeon
 32022 | D:15     | Reached skill level 15 in Spellcasting
 32205 | D:15     | Reached skill level 10 in Necromancy
 32462 | D:15     | Noticed Kirke
 32510 | D:15     | Mangled by a harpy

Illustrated notes

Levels and vault maps discovered:
D:1:      dpeg_arrival_rooms_b, layout_rooms, minmay_misc_feat_four_crosses,
          minivault_11, minmay_heptomino_l4
D:2:      layout_loops_cross, uniq_sigmund
D:3:      layout_loops_cross, marbit_many_paths, uniq_crazy_yiuf_cottage
D:4:      layout_gridville, chequers_temple_overflow_statue_of_worship,
          zin_purify, first_ration, uniq_duvessa
D:5:      layout_loops_cross, biasface_ghost_orc_armoury, minivault_4,
          minmay_a_box_with_orc_wizards_in_it
D:6:      layout_basic, lemuel_crystal_altar,
          nicolae_ru_great_annihilating_truth, minmay_temple_entry_overgrown,
          uniq_maggie
D:7:      layout_loops_ring, enter_bailey_2,
          nicolae_dithmenos_through_a_glass_darkly
D:8:      layout_layer_cave, dpeg_oklobed_lair, gammafunk_ghost_nasty_kobolds
D:9:      layout_basic, lemuel_crystal_altar
D:10:     wander_river, layout_grid_maze, mrwooster_statue_mirror,
          grunt_tengu_nest
D:11:     layout_cave_pools, serial_shops, shop_statue, uniq_urug, uniq_fannar,
          uniq_josephine
D:12:     layout_irregular_city, orc_0_dummy, basic_altar, nicolae_sextant,
          minmay_shop_chei, serial_bayou_pond_e,
          chequers_guarded_unrand_ignorance
D:13:     layout_grid_maze, grunt_vaults_entry_tiered, special_room
          [special_room_orc], minmay_fire_ice_demons
D:14:     layout_basic, serial_shops, nicolae_shop_statue_plus,
          chequers_serial_rivers_micro_e
D:15:     hangedman_depths_entry_try_elsewhere_first, layout_layer_cave,
          hangedman_decor_points, hex_medium, uniq_kirke
Temple:   nicolae_temple_god_jail
Lair:1:   layout_layer_cave
Lair:2:   mu_elephants_graveyard, layout_loops_ring, st_stairs_7,
          nicolae_quartered_pool_medium, lemuel_fruit_fields, uniq_harold
Lair:3:   layout_loops_ring, minmay_snake_entry_six_corridors,
          infiniplex_staircase_pool_2
Lair:4:   layout_long_grid, minmay_swamp_entry_reptiles, portal_ice_cave_rime,
          lemuel_oklob_altar, minmay_lair_oklob_chamber, grunt_megastairs_4,
          lemuel_fruit_tree, lemuel_fruit_fields
Lair:5:   layout_cave_pods
Lair:6:   due_jungle_book, layout_concentric_octagons,
          minmay_slime_entry_oklob_open, gauntlet_entry_generic,
          serial_bayou_shore_b
Orc:1:    layout_caves
Orc:2:    st_orc_ogre_mass, layout_caves, basic_altar, uniq_nessos

Skill      XL: |  1  2  3  4  5  6  7  8  9 10 11 12 13 14 15 16 17 |
---------------+----------------------------------------------------+-----
Conjurations   | 1 2 3 4 5 6 |  6.0
Fire Magic     | 1 2 3 5 |  5.0
Air Magic      | 2 5 |  5.0
Fighting       | 1 4 6 7 9 10 | 10.0
Armour         | 1 4 9 10 11 13 14 | 14.1
Dodging        | 2 4 6 7 8 |  8.0
Earth Magic    | 7 9 10 13 | 13.1
Necromancy     | 6 8 9 10 | 10.3
Stealth        | 4 6 |  6.0
Spellcasting   | 4 6 7 11 13 15 | 15.0
Shields        | 6 14 15 | 15.4
Summonings     | |  1.0
Translocations | |  0.8

Action                   |  1- 3 |  4- 6 |  7- 9 | 10-12 | 13-15 | 16-18 || total
-------------------------+-------+-------+-------+-------+-------+-------++-------
Melee: Unarmed           |     4 |       |       |       |       |     2 ||     6
       Short sword       |    11 |       |       |       |       |       ||    11
       Dagger            |    30 |    19 |    11 |       |       |       ||    60
       Hand axe          |       |    81 |   234 |   411 |    98 |       ||   824
       Trident           |       |       |    12 |       |       |       ||    12
       Mace              |       |       |     2 |       |       |       ||     2
       Spear             |       |       |       |   120 |   452 |       ||   572
       Halberd           |       |       |       |    14 |       |       ||    14
       Dire flail        |       |       |       |     5 |       |       ||     5
       Quarterstaff      |       |       |       |       |    42 |       ||    42
       Morningstar       |       |       |       |       |   355 |       ||   355
       Rapier            |       |       |       |       |   171 |   399 ||   570
 Fire: Hand crossbow     |       |       |       |       |    12 |     5 ||    17
Throw: Stone             |       |     1 |       |       |       |       ||     1
 Cast: Magic Dart        |    85 |    82 |    68 |   114 |    26 |       ||   375
       Mephitic Cloud    |       |     5 |    43 |    55 |    46 |     5 ||   154
       Conjure Flame     |       |       |    25 |    32 |   127 |     2 ||   186
       Borgnjor's Vile C |       |       |       |    27 |   128 |    91 ||   246
       Dispel Undead     |       |       |       |     1 |    12 |     2 ||    15
       Sublimation of Bl |       |       |       |       |     1 |       ||     1
       Vampiric Draining |       |       |       |       |    10 |     5 ||    15
Invok: Receive Necronomi |       |       |       |       |     1 |       ||     1
       Renounce Religion |       |       |       |       |     1 |       ||     1
 Abil: Dig               |     2 |     9 |    19 |    14 |    37 |    24 ||   105
  Use: Scroll            |       |     6 |     3 |     2 |     5 |    17 ||    33
       Potion            |       |     1 |       |     2 |       |     1 ||     4
 Stab: Sleeping          |     1 |     3 |       |     2 |    10 |     2 ||    18
       Confused          |       |       |    11 |    20 |    22 |     1 ||    54
       Distracted        |       |       |       |       |     3 |     5 ||     8
  Eat: Chunk             |     2 |     8 |    20 |    33 |    12 |       ||    75
       Ration            |       |       |     1 |     2 |    20 |     9 ||    32
Armor: Robe              |    12 |    12 |    32 |       |       |       ||    56
       Steam dragon scal |       |       |    30 |   201 |    41 |       ||   272
       Skin              |       |       |       |     1 |       |       ||     1
       Troll leather arm |       |       |       |       |   314 |    52 ||   366
Dodge: Dodged            |    35 |    51 |   149 |   384 |   722 |   125 ||  1466
Block: Other             |       |       |       |    18 |       |       ||    18
       Buckler           |       |       |       |       |   231 |       ||   231
       Tower shield      |       |       |       |       |   398 |   649 ||  1047
